 Dungeon Crawl Stone Soup version 0.31.0-1-g2c135a0 (webtiles) character file.

Game seed: 9311650844974872287

63734 bonscott the Thaumaturge (level 15, -10/107 HPs)
             Began as a Djinni Conjurer on Mar 16, 2024.
             Was the Champion of Makhleb.
             Shot with a bolt by a tengu warrior (21 damage)
             ... on level 15 of the Dungeon.
             The game lasted 02:14:35 (14855 turns).

bonscott the Thaumaturge (Djinni Conjurer)         Turns: 14855, Time: 02:14:35

Health: -10/107    AC: 14    Str: 14    XL:     15   Next: 11%
Gold:   1040       EV: 26    Int: 25    God:    Makhleb [******] SH:  0 Dex: 13

rFire   + + .        y - +1 sling "Moasm" {elec, rF+ Str+2 Int+5}
rCold   . . .        (no shield)
rNeg    . . .        S - +0 swamp dragon scales
rPois   ∞            (no helmet)
rElec   .            (no cloak)
rCorr   .            (no gloves)
SInv    .            (boots unavailable)
Will    +....        M - amulet of the acrobat
Stlth   +            D - ring of ice
HPRegen 0.37/turn    L - +4 ring of protection
MPRegen 0.00/turn

%: acrobat, infuse magic (-11 HP)
@: acrobatic, flying
A: sickness immunity, fire resistance 2, cold vulnerability 1, float, innate
caster, HP casting, extra vitality 1
a: Renounce Religion, Minor Destruction, Lesser Servant of Makhleb, Major
Destruction, Greater Servant of Makhleb


You were on level 15 of the Dungeon.
You worshipped Makhleb.
Makhleb was exalted by your worship.
You visited 3 branches of the dungeon, and saw 19 of its levels.
You also visited: Sewer.

You collected 1040 gold pieces.

Inventory:

Hand Weapons
 y - the +1 sling "Moasm" (weapon) {elec, rF+ Str+2 Int+5}
   (You found it on level 5 of the Dungeon)

   Str+2:     It affects your strength (+2).
   Int+5:     It affects your intelligence (+5).
   rF+:       It protects you from fire.
 J - the +2 whip "Usoez" {flame, rPois rF+}
   (You took it off a goblin on level 4 of the Dungeon)

   rF+:       It protects you from fire.
   rPois:     It protects you from poison
Missiles
 p - 4 boomerangs
 E - 7 poisoned darts
 Q - 8 curare-tipped darts
Armour
 F - a +0 buckler
 S - +0 swamp dragon scales (worn)
Magical Staves
 r - a staff of cold
Jewellery
 o - the amulet "Gaoma" {RegenMP Stlth+}
   (You found it on level 3 of the Dungeon)

   [amulet of magic regeneration]

   RegenMP:   It increases your rate of magic regeneration.
   Stlth+:    It makes you more stealthy.
 D - a ring of ice (left hand)
 I - a ring of positive energy
 K - a ring of resist corrosion
 L - a +4 ring of protection (right hand)
 M - an amulet of the acrobat (around neck)
Wands
 e - a wand of charming (7)
 m - a wand of flame (16)
 s - a wand of quicksilver (8)
 z - a wand of roots (1)
 V - a wand of mindburst (8)
Scrolls
 a - 2 scrolls of enchant weapon
 b - 5 scrolls of teleportation
 d - a scroll of poison {unknown}
 i - a scroll of summoning {unknown}
 k - a scroll of brand weapon
 t - 2 scrolls of immolation {unknown}
 v - a scroll of fog {unknown}
 w - a scroll of acquirement {unknown}
 x - a scroll of silence {unknown}
 A - 2 scrolls of revelation
 C - 3 scrolls of identify
 N - a scroll of torment
 O - a scroll of fear
Potions
 c - 2 potions of brilliance
 f - 2 potions of attraction
 g - a potion of berserk rage {unknown}
 h - 2 potions of might
 j - 2 potions of curing
 l - 3 potions of ambrosia
 n - 2 potions of magic
 q - 4 potions of haste
 u - a potion of resistance {unknown}
 G - 2 potions of heal wounds
 H - a potion of cancellation {unknown}
Miscellaneous
 B - a lightning rod (4/4)


   Skills:
 - Level 10.0 Fighting
 - Level 6.0 Throwing
 - Level 10.0 Armour
 - Level 2.1 Dodging
 - Level 1.5 Stealth
 + Level 14.9 Spellcasting
 + Level 14.9 Conjurations
 + Level 14.9 Hexes
   Level 0.0 Charms
 + Level 14.9 Summonings
 + Level 14.9 Necromancy
 + Level 14.9 Translocations
   Level 0.0 Transmutations
 + Level 14.9 Fire Magic
 + Level 14.9 Ice Magic
 + Level 14.9 Air Magic
 + Level 14.9 Earth Magic
 + Level 14.9 Alchemy
 - Level 8.0 Evocations


You knew the following spells:

 Your Spells              Type           Power      Damage    Failure   Level
a - Summon Blazeheart Go  Fire/Summ      76%        N/A       1%          4
b - Scorch                Fire           100%       2d9       0%          2
c - Fugue of the Fallen   Necr           76%        N/A       1%          3
d - Magic Dart            Conj           100%       1d8       0%          1
e - Animate Dead          Necr           76%        N/A       1%          4
f - Fulminant Prism       Conj/Alch      38%        3d17      1%          4
g - Summon Cactus Giant   Summ           38%        N/A       1%          6
l - Slow                  Hex            100%       N/A       0%          1
m - Iskenderun's Mystic   Conj/Tloc      76%        2d15      1%          4
n - Summon Mana Viper     Hex/Summ       76%        N/A       1%          5
r - Searing Ray           Conj           100%       2d8       0%          2
Your spell library was empty.

Dungeon Overview and Level Annotations

Branches:
Dungeon (15/15)            Temple (1/1) D:6            Lair (5/5) D:9
 Shoals (0/4) Lair:3       Spider (0/4) Lair:3        Slime (0/5) Lair:4
 Depths (0/4) D:15          Sewer (visited)
    Orc: D:9-12      Vaults: D:13-14

Altars:
Ashenzari
Cheibriados
Dithmenos
Elyvilon
Fedhas
Gozag
Hepliaklqana
Makhleb
Nemelex Xobeh
Okawaru
Qazlal
Ru
Trog
Uskayaw
Wu Jian
Xom
Yredelemnul
Zin
The Shining One
Jiyva

Annotations:
D:3 Sigmund
D:10 Snorg
Lair:5 3 runed translucent doors, IAmTheZeppo's ghost, journeyman DsAl


Innate Abilities, Weirdness & Mutations

You are immune to sickness and miasma.
You are immune to poison.
Your flesh is very heat resistant. (rF++)
You are vulnerable to cold. (rC-)
You float through the air rather than walking.
You learn spells naturally, not from books.
Your magical power is your life essence.
You have superior vitality. (+4 MHP)


Message History

The tengu warrior shoots a bolt.
The bolt closely misses you.
There is an open door here.
You shoot a sling bullet. The sling bullet hits the frost giant.
The frost giant is lightly wounded.
A tengu warrior comes into view. It is wielding a +0 arbalest.
The tengu warrior shoots a bolt.
The bolt hits you.
The frost giant points at you and mumbles some strange words.
The bolt of cold hits you!!
* * * LOW HITPOINT WARNING * * *
Casting: Fulminant Prism (safe; 1% risk of failure)
Confirm with . or Enter, or press ? or * to list all spells.
You erupt in a blast of force!
The mystic blast hits the tengu warrior.
The tengu warrior is lightly wounded.
The tengu warrior is knocked back by the mystic blast.
The mystic blast hits the tengu warrior!!
The tengu warrior is moderately wounded.
The tengu warrior is knocked back by the mystic blast.
The mystic blast hits the frost giant!
The frost giant is lightly wounded.
The frost giant is knocked back by the mystic blast.
* * * LOW HITPOINT WARNING * * *
You feel much better.
The tengu warrior shoots a bolt.
The bolt barely misses you.
Casting: Iskenderun's Mystic Blast (safe; 1% risk of failure)
Confirm with . or Enter, or press ? or * to list all spells.
You erupt in a blast of force!
The mystic blast hits the tengu warrior!
The tengu warrior is moderately wounded.
The tengu warrior is knocked back by the mystic blast.
The tengu warrior slams into the stone wall!
The tengu warrior is heavily wounded.
The mystic blast hits the frost giant!
The frost giant is moderately wounded.
* * * LOW HITPOINT WARNING * * *
The tengu warrior shoots a bolt.
The bolt hits you!!
* * * LOW HITPOINT WARNING * * *
The frost giant hits you but does no damage.
The tengu warrior shoots a bolt.
The bolt hits you!!
You die...

*,*,,,,,,,,,,,,,*,**
*,* *,
*,,,,,,,*********,,*
*,* ** *,,,,,,,*
**,* *,* *,,,,,,,*
*,* ***,* ***,,,***
*,* *,,,*
*,,,***#####** *,*
*,*** **,**#.+...+,*
*,* *,* *****,*
#Q#8>8#,#**,* *,*
*,,,,,*
#.#.C@#.#,,,* *,*
*,*****
#.##'##.#**** *,*
*,* #.≈...≈.# *,*
*,* #Q≈...≈Q# *,*
*,* #.≈.≈.≈.# *,*
*,* #.#.#.#.#
****,****** *,*
#≈..#..≈#
*,,,,,,,,,, *,*
#≈≈...≈≈#
*,****,**** *,*
####'#### *,* *,*


You could see a frost giant and a tengu warrior.

Vanquished Creatures
  3 hydras
  3 catoblepae (Lair:5)
  A centaur warrior (D:15)
  A two-headed ogre (D:8)
  A boulder beetle (Lair:3)
  12 death yaks
  A skyshark (Lair:5)
  2 harpies (Lair:3)
  2 manticores (Lair:5)
  3 meliai (Lair:5)
  4 black mambas
  12 elephants
  6 cane toads
  Maggie (D:6)
  A rime drake (Lair:3)
  Jeremiah (D:6)
  9 komodo dragons
  A tengu conjurer (D:14)
  4 polar bears
  A queen bee (Lair:5)
  A tarantella (Lair:3)
  2 hornets
  Grinder (D:6)
  24 blink frogs
  4 dream sheep (Lair:5)
  7 wyverns
  48 yaks
  3 basilisks
  A redback (Lair:3)
  Duvessa (D:6)
  16 water moccasins
  A two-headed ogre zombie (D:10)
  4 orc warriors
  An ice beast (D:5)
  4 black bears
  An ogre (D:6)
  3 wolves (Lair:5)
  A boggart (D:15)
  3 centaurs
  2 kobold brigands
  13 bullfrogs
  2 scorpions
  9 wights (D:8)
  Dowan (D:6)
  20 killer bees
  9 howler monkeys
  A bombardier beetle (D:4)
  4 hounds
  2 jellies
  4 orc priests
  2 sleepcaps
  2 gnoll boudas
  Jessica (D:3)
  3 iguanas
  Terence (D:2)
  8 orc wizards
  2 ogre zombies (D:10)
  7 gnolls
  17 adders
  5 river rats
  A shadow imp (D:7)
  4 dart slugs
  3 ribbon worms
  35 orcs
  5 endoplasms
  7 giant cockroaches
  2 gnoll zombies (D:10)
  5 goblins
  8 hobgoblins
  3 jackals (D:3)
  36 kobolds
  6 quokkas
  10 ball pythons
  3 bats
  2 frilled lizards
  3 gnoll skeletons (D:10)
  A goblin zombie (D:6)
  An orc skeleton (D:10)
  10 orc zombies (D:10)
  28 rats
  A rat zombie (D:6)
  3 fulminant prisms
487 creatures vanquished.

Vanquished Creatures (collateral kills)
  Josephine (D:14)
  A two-headed ogre (D:14)
  3 ugly things (D:14)
  A cane toad (Lair:1)
  A torpor snail (Lair:2)
  A komodo dragon (Lair:2)
  8 yaks
  3 wraiths (D:14)
  A water moccasin (Lair:2)
  3 boggarts (D:15)
  A troll zombie (D:10)
  A gnoll zombie (D:10)
  An orc zombie (D:10)
26 creatures vanquished.

Vanquished Creatures (others)
  222 fulminant prisms
222 creatures vanquished.

Grand Total: 735 creatures vanquished

Notes
Turn   | Place    | Note
-------+----------+-------------------------------------------
     0 | D:1      | bonscott the Djinni Conjurer began the quest for the Orb.
     0 | D:1      | bonscott set off with the following spells memorised: Magic
                  | Dart, Searing Ray, Fulminant Prism, Iskenderun's Mystic
                  | Blast.
     0 | D:1      | Reached XP level 1. HP: 15/15 MP: 0/0
    14 | D:1      | Found a shimmering altar of Xom.
   285 | D:1      | Reached XP level 2. HP: 17/21 MP: 0/0
   330 | D:1      | Found a faded altar of an unknown god.
   716 | D:1      | Reached XP level 3. HP: 24/25 MP: 0/0
   716 | D:1      | Learned a level 1 spell: Slow
   903 | D:2      | Reached XP level 4. HP: 26/31 MP: 0/0
   924 | D:2      | Noticed Terence
  1071 | D:2      | Identified the +2 scale mail of the Ditch-Digger {Str+2}
  1591 | D:2      | Killed Terence
  1592 | D:2      | Reached XP level 5. HP: 21/35 MP: 0/0
  1592 | D:2      | Learned a level 2 spell: Scorch
  1719 | D:3      | Reached skill level 5 in Spellcasting
  1719 | D:3      | Reached skill level 5 in Conjurations
  1719 | D:3      | Reached skill level 5 in Hexes
  1719 | D:3      | Reached skill level 5 in Summonings
  1719 | D:3      | Reached skill level 5 in Necromancy
  1719 | D:3      | Reached skill level 5 in Translocations
  1719 | D:3      | Reached skill level 5 in Fire Magic
  1719 | D:3      | Reached skill level 5 in Ice Magic
  1719 | D:3      | Reached skill level 5 in Air Magic
  1719 | D:3      | Reached skill level 5 in Earth Magic
  1719 | D:3      | Reached skill level 5 in Alchemy
  1830 | D:3      | Identified the amulet "Gaoma" {RegenMP Stlth+}
  1889 | D:3      | Noticed Sigmund
  2152 | D:3      | Reached XP level 6. HP: 37/40 MP: 0/0
  2470 | D:3      | Noticed Jessica
  2529 | D:3      | Killed Jessica
  2993 | D:4      | Identified the +2 whip "Usoez" {flame, rPois rF+}
  3127 | D:4      | Reached skill level 1 in Fighting
  3277 | D:4      | Found the +7 staff of the Meek {protect, meekguard}
  3291 | D:4      | Identified the +2 pair of boots of the Ecumenical Temple
                  | {Rampage rElec Str+2}
  3364 | D:4      | Reached XP level 7. HP: 36/49 MP: 0/0
  3364 | D:4      | Learned a level 3 spell: Fugue of the Fallen
  3502 | D:4      | Found a glowing drain.
  3519 | Sewer    | Entered a sewer
  3754 | Sewer    | Reached skill level 1 in Armour
  4328 | D:5      | Entered Level 5 of the Dungeon
  4734 | D:5      | Found an ornate altar of the Wu Jian Council.
  4734 | D:5      | Found a hide-covered altar of Uskayaw.
  4741 | D:5      | Found a white marble altar of Elyvilon.
  4757 | D:5      | Reached XP level 8. HP: 47/56 MP: 0/0
  4797 | D:5      | Found a sparkling altar of Nemelex Xobeh.
  4804 | D:5      | Found a sacrificial altar of Ru.
  4915 | D:5      | Identified the +1 sling "Moasm" {elec, rF+ Str+2 Int+5}
  5116 | D:6      | Noticed Grinder
  5282 | D:6      | Noticed Jeremiah
  5282 | D:6      | Noticed Maggie
  5297 | D:6      | Killed Maggie
  5659 | D:6      | Noticed Dowan
  5854 | D:6      | Killed Jeremiah
  5855 | D:6      | Reached XP level 9. HP: 37/60 MP: 0/0
  5855 | D:6      | Learned a level 4 spell: Animate Dead
  5988 | D:6      | Noticed Duvessa
  5999 | D:6      | Killed Duvessa
  6140 | D:6      | Killed Dowan
  6296 | D:6      | Identified the +2 robe of Awe {rC- rCorr Int+5 Dex+3}
  6313 | D:6      | Found a staircase to the Ecumenical Temple.
  6322 | Temple   | Entered the Ecumenical Temple
  6345 | Temple   | Became a worshipper of Makhleb the Destroyer
  6632 | D:6      | Killed Grinder
  7039 | D:7      | Reached skill level 10 in Spellcasting
  7039 | D:7      | Reached skill level 10 in Conjurations
  7039 | D:7      | Reached skill level 10 in Hexes
  7039 | D:7      | Reached skill level 10 in Summonings
  7039 | D:7      | Reached skill level 10 in Necromancy
  7039 | D:7      | Reached skill level 10 in Translocations
  7039 | D:7      | Reached skill level 10 in Fire Magic
  7039 | D:7      | Reached skill level 10 in Ice Magic
  7039 | D:7      | Reached skill level 10 in Air Magic
  7039 | D:7      | Reached skill level 10 in Earth Magic
  7039 | D:7      | Reached skill level 10 in Alchemy
  7039 | D:7      | Reached XP level 10. HP: 58/67 MP: 0/0
  7139 | D:8      | Reached * piety under Makhleb
  7140 | D:8      | Reached skill level 5 in Fighting
  7140 | D:8      | Reached skill level 1 in Throwing
  7145 | D:8      | Noticed a two-headed ogre
  7765 | D:8      | Reached skill level 1 in Evocations
  7875 | D:8      | Killed a two-headed ogre
  8282 | D:9      | Reached ** piety under Makhleb
  8306 | D:9      | Noticed an elephant
  8313 | D:9      | Reached XP level 11. HP: 65/75 MP: 0/0
  8313 | D:9      | Learned a level 4 spell: Summon Blazeheart Golem
  8324 | D:9      | Killed an elephant
  8374 | D:9      | Found a staircase to the Lair.
  8374 | D:9      | Noticed an elephant
  8392 | D:9      | Killed an elephant
  8393 | D:9      | Reached skill level 5 in Throwing
  8551 | Lair:1   | Entered Level 1 of the Lair of Beasts
  8600 | Lair:1   | Reached skill level 5 in Armour
  8644 | Lair:1   | Noticed a six-headed hydra
  8666 | Lair:1   | Killed a six-headed hydra
  8953 | Lair:1   | Reached XP level 12. HP: 68/81 MP: 0/0
  9119 | Lair:1   | Reached *** piety under Makhleb
  9873 | Lair:3   | Noticed a death yak
  9873 | Lair:3   | Noticed a death yak
  9891 | Lair:3   | Noticed a death yak
  9901 | Lair:3   | Killed a death yak
  9909 | Lair:3   | Noticed a death yak
  9911 | Lair:3   | Noticed a death yak
  9918 | Lair:3   | Noticed a death yak
 10126 | Lair:4   | Reached skill level 5 in Evocations
 10137 | Lair:4   | Reached **** piety under Makhleb
 10150 | Lair:5   | Entered Level 5 of the Lair of Beasts
 10150 | Lair:5   | Noticed a skyshark
 10257 | Lair:5   | Reached XP level 13. HP: 63/87 MP: 0/0
 10257 | Lair:5   | Learned a level 5 spell: Summon Mana Viper
 10447 | Lair:5   | Found a runed translucent gate.
 10447 | Lair:5   | Found a runed translucent gate.
 10447 | Lair:5   | Noticed an azure jelly
 10447 | Lair:5   | Noticed an azure jelly
 10447 | Lair:5   | Noticed an acid blob
 10448 | Lair:5   | Found a runed translucent gate.
 10448 | Lair:5   | Noticed an acid blob
 10448 | Lair:5   | Noticed a quicksilver ooze
 10449 | Lair:5   | Noticed an acid blob
 10449 | Lair:5   | Noticed IAmTheZeppo's ghost (journeyman DsAl)
 10451 | Lair:5   | Noticed an acid blob
 10453 | Lair:5   | Noticed a quicksilver ooze
 10870 | Lair:5   | Noticed an acid blob
 10883 | Lair:5   | Noticed a four-headed hydra
 10895 | Lair:5   | Killed a four-headed hydra
 10929 | Lair:5   | Noticed a catoblepas
 10950 | Lair:5   | Killed a catoblepas
 11134 | Lair:5   | Noticed a catoblepas
 11169 | Lair:5   | Killed a catoblepas
 11375 | Lair:5   | Reached ***** piety under Makhleb
 11394 | Lair:5   | Reached XP level 14. HP: 98/101 MP: 0/0
 11670 | Lair:5   | Got an earthy gem with 629 turns to spare
 12082 | Lair:4   | Reached skill level 10 in Fighting
 12333 | Lair:4   | Found a staircase to the Slime Pits.
 12334 | Lair:4   | Found a viscous altar of Jiyva.
 12503 | Lair:3   | Reached skill level 10 in Armour
 12598 | Lair:3   | Found a staircase to the Shoals.
 12664 | Lair:3   | Found a hole to the Spider Nest.
 12727 | Lair:3   | Found a basalt altar of Yredelemnul.
 14084 | D:10     | Entered Level 10 of the Dungeon
 14086 | D:10     | Noticed Snorg
 14293 | D:10     | Reached ****** piety under Makhleb
 14595 | D:11     | You are sucked into a shaft and drop 3 floors!
 14627 | D:14     | Reached XP level 15. HP: 102/107 MP: 0/0
 14627 | D:14     | Learned a level 6 spell: Summon Cactus Giant
 14703 | D:14     | Noticed Josephine
 14711 | D:14     | Killed Josephine
 14786 | D:15     | Entered Level 15 of the Dungeon
 14849 | D:15     | Found a staircase to the Depths.
 14849 | D:15     | Noticed a frost giant
 14855 | D:15     | Shot with a bolt by a tengu warrior

Illustrated notes

Levels and vault maps discovered:
D:1:      dpeg_arrival_water_altar, layout_loops_ring,
          chequers_ecumenical_altar_island
D:2:      layout_basic, fountainhead, uniq_terence
D:3:      kennysheep_big_flooded_room, layout_rooms, serial_rivers,
          chequers_serial_rivers_room_b, chequers_serial_rivers_micro_c,
          chequers_serial_rivers_small_a, chequers_serial_rivers_micro_c,
          chequers_serial_rivers_large_b, chequers_serial_rivers_micro_e,
          guppyfry_early_lair_pool, uniq_jessica, uniq_sigmund
D:4:      minmay_razor_zed, layout_rooms, portal_sewer_entry_e
D:5:      layout_loops_ring, nicolae_overflow_hallway_of_the_gods,
          nicolae_elevator_lobby_asterisk
D:6:      layout_basic, minmay_temple_entry_junction, enter_ossuary_3,
          uniq_duvessa, uniq_grinder, uniq_jeremiah, uniq_maggie
D:7:      layout_loops_cross, wad_floor_pattern_untrapped
D:8:      layout_basic, minmay_stone_trees_large, grunt_decor_cap,
          minmay_strange_pillars
D:9:      layout_cave_pools, grunt_lair_entry_orc_guard_hut
D:10:     layout_big_octagon, zombieorc2_lemuel, uniq_snorg
D:11:     layout_roguey, serial_aquarium, aquarium_bridge_straight
          [aquarium_subvault_bridge, aquarium_subvault_window,
          aquarium_subvault_bridge, aquarium_subvault_balcony],
          aquarium_bridge_square [aquarium_subvault_wall,
          aquarium_subvault_wall, aquarium_subvault_wall,
          aquarium_subvault_bridge], aquarium_window_corridor_3,
          aquarium_window_1, aquarium_view_2e, aquarium_view_2a,
          aquarium_pool_2, lemuel_nasty_fountain, uniq_erolcha
D:14:     minmay_diamond_stairs, layout_loops_ring, serial_shops,
          nicolae_shop_tiny_real_fake_doors, uniq_josephine
D:15:     grunt_enter_depths_snipers, layout_loops_ring,
          minmay_misc_feat_ornament
Temple:   nicolae_temple_superstar
Lair:1:   layout_chaotic_city, chequers_serial_rivers_micro_c,
          grunt_megastairs_5
Lair:2:   layout_long_grid, nzn_random_ring, uniq_nergalle
Lair:3:   layout_loops_ring, nicolae_shoals_entry_roost,
          spider_nest_entry_rubble, basic_altar
Lair:4:   layout_cave_pods, slime_entry_1
Lair:5:   evilmike_catoblepas_cave, layout_hall_layers, gammafunk_ghost_ooze,
          special_room [special_room_bee], chequers_serial_rivers_micro_d

Skill      XL: |  1  2  3  4  5  6  7  8  9 10 11 12 13 14 |
---------------+-------------------------------------------+-----
Spellcasting   | 4 5 6 8 10 11 13 14 | 14.9
Conjurations   | 4 5 6 8 10 11 13 14 | 14.9
Hexes          | 4 5 6 8 10 11 13 14 | 14.9
Summonings     | 4 5 6 8 10 11 13 14 | 14.9
Necromancy     | 4 5 6 8 10 11 13 14 | 14.9
Translocations | 4 5 6 8 10 11 13 14 | 14.9
Fire Magic     | 4 5 6 8 10 11 13 14 | 14.9
Ice Magic      | 4 5 6 8 10 11 13 14 | 14.9
Air Magic      | 4 5 6 8 10 11 13 14 | 14.9
Earth Magic    | 4 5 6 8 10 11 13 14 | 14.9
Alchemy        | 4 5 6 8 10 11 13 14 | 14.9
Fighting       | 2 3 5 6 9 10 | 10.0
Armour         | 4 6 8 10 | 10.0
Throwing       | 4 6 |  6.0
Evocations     | 4 5 6 8 |  8.0
Dodging        | |  2.1
Stealth        | |  1.5

Action                     |  1- 3 |  4- 6 |  7- 9 | 10-12 | 13-15 || total
---------------------------+-------+-------+-------+-------+-------++-------
  Melee: Quarterstaff      |       |     2 |       |       |       ||     2
   Fire: Sling             |       |       |     7 |     7 |     2 ||    16
  Throw: Dart              |       |     5 |     1 |       |     6 ||    12
   Cast: Magic Dart        |    54 |    99 |   106 |    76 |   103 ||   438
         Searing Ray       |     4 |    19 |    14 |    10 |     3 ||    50
         Slow              |       |     4 |       |     3 |     4 ||    11
         Scorch            |       |     1 |     1 |       |       ||     2
         Fulminant Prism   |       |       |    58 |    81 |    86 ||   225
         Fugue of the Fall |       |       |     3 |     1 |     2 ||     6
         Iskenderun's Myst |       |       |    32 |   125 |   190 ||   347
         Summon Blazeheart |       |       |       |     1 |       ||     1
         Summon Mana Viper |       |       |       |       |    24 ||    24
         Summon Cactus Gia |       |       |       |       |     3 ||     3
  Evoke: Wand              |       |       |     1 |       |     2 ||     3
    Use: Scroll            |       |     3 |     4 |     6 |     4 ||    17
         Potion            |       |       |     2 |       |     2 ||     4
 Armour: Robe              |     2 |       |       |       |       ||     2
         Skin              |       |    16 |     6 |       |       ||    22
         Leather armour    |       |       |     3 |     9 |       ||    12
         Swamp dragon scal |       |       |       |    15 |    51 ||    66
  Dodge: Dodged            |     4 |     8 |    23 |    46 |    52 ||   133
